AoeStats
← Malik Bhai

Black Forest

504440496Analyzed
4v4 RM · 26d ago on Sep 5, 2026· 41m 13s· 8 players
Game mode
Random Map
Map size
Large (8 player)
Population
200
Speed
Normal
Resources
Standard
Victory
Conquest
Starting age
Dark Age
Ending age
Imperial Age
RankedLock teamsTeams togetherTeam positionsShared explorationLock speedFull tech treeHidden civsTurbo modeCheats
Victory
Defeat
🇺🇸 Lithuanians · United States
1536
+17
🇨🇳 Koreans · China
1533
+18
🇨🇳 Cumans · China
1529
+18
🇮🇱 Turks · Israel
1458
+20
🇵🇰 Chinese · Pakistan
1736
-25
🇵🇰 Khmer · Pakistan
1576
-19
🇦🇷 Slavs · Argentina
1513
-16
🇩🇪 Bohemians · Germany
1442
-13
骑人机的骑士
11:27 Feudal Age
12:21 Double-Bit Axe
15:14 Castle Age
14:31 Horse Collar
25:36 Bow Saw
25:29 Heavy Plow
27:07 Gold Mining
30:22 Imperial Age
28:57 Wheelbarrow
28:07 Loom
28:44 Fletching
29:37 Bodkin Arrow
30:16 Hand Cart
30:39 Ballistics
30:42 Stone Mining
31:46 Conscription
32:16 Bracer
32:50 Husbandry
32:50 Elite War Wagon
34:23 Gold Shaft Mining
34:24 Stone Shaft Mining
35:29 Chemistry
36:08 Two-Man Saw
37:13 Devotion
41:29 Coinage
41:00 Caravan
月月
10:20 Feudal Age
10:52 Double-Bit Axe
11:01 Loom
13:37 Fishing Lines
16:54 Horse Collar
18:06 Gold Mining
19:29 Wheelbarrow
23:53 Castle Age
22:27 Scale Barding Armor
22:35 Bloodlines
24:12 Forging
23:57 Capped Ram
25:04 Chain Barding Armor
25:01 Hand Cart
24:57 Bow Saw
24:38 Town Watch
26:54 Iron Casting
28:12 Heavy Plow
30:08 Gold Shaft Mining
30:12 Gillnets
34:41 Imperial Age
32:21 Stone Mining
36:04 Masonry
35:30 Elite Steppe Lancer
37:27 Blast Furnace
36:29 Light Cavalry
38:46 Two-Man Saw
38:54 Steppe Husbandry
40:12 Plate Barding Armor
39:37 Siege Ram
40:15 Fletching
Wavelogic
0:43 Loom
11:56 Feudal Age
12:56 Double-Bit Axe
21:40 Horse Collar
22:20 Fletching
25:40 Castle Age
24:02 Gold Mining
26:38 Bow Saw
30:10 Imperial Age
27:30 Town Watch
27:49 Stone Mining
30:18 Wheelbarrow
33:05 Hand Cart
34:34 Gold Shaft Mining
34:46 Heavy Plow
35:49 Padded Archer Armor
37:03 Two-Man Saw
36:21 Elite Janissary
37:07 Artillery
37:52 Bodkin Arrow
37:35 Elite Janissary
40:28 Conscription
40:34 Conscription
40:51 Hoardings
41:36 Masonry
41:48 Ballistics
busy pushing deer
5:58 Loom
9:00 Feudal Age
9:01 Man-at-Arms
9:27 Arson
17:46 Fletching
23:01 Horse Collar
27:40 Castle Age
26:30 Gold Mining
26:31 Stone Mining
26:30 Fishing Lines
28:11 Double-Bit Axe
29:30 Bow Saw
31:18 Wheelbarrow
30:29 Town Watch
32:36 Hand Cart
32:32 Gillnets
33:00 Treadmill Crane
36:31 Imperial Age
35:12 Fervor
35:34 Ballistics
35:44 Bodkin Arrow
35:49 Padded Archer Armor
36:37 Crossbowman
37:23 Thumb Ring
38:30 Chemistry
38:35 Two-Man Saw
38:05 Bracer
38:21 Leather Archer Armor
39:36 Heavy Plow
40:26 Caravan
41:45 Stone Shaft Mining
41:43 Crop Rotation
MiE_Windshield Viper
1:21 Loom
10:39 Feudal Age
11:29 Man-at-Arms
20:59 Castle Age
19:08 Fletching
21:43 Bodkin Arrow
30:24 Wheelbarrow
31:47 Double-Bit Axe
32:29 Scale Barding Armor
32:17 Horse Collar
33:56 Hand Cart
35:38 Chain Barding Armor
35:29 Forging
36:11 Sanctity
36:02 Redemption
37:21 Masonry
Aaag Boy 1
0:26 Loom
11:30 Feudal Age
12:15 Double-Bit Axe
12:16 Man-at-Arms
16:54 Fletching
17:52 Padded Archer Armor
24:50 Castle Age
22:51 Horse Collar
23:21 Gold Mining
24:42 Scale Mail Armor
24:53 Forging
25:43 Squires
PeterPan
10:41 Feudal Age
15:18 Castle Age
23:06 Double-Bit Axe
26:03 Wheelbarrow
25:55 Loom
25:55 Pikeman
26:36 Scale Mail Armor
29:01 Chain Mail Armor
Malik Bhai
6:57 Loom
11:02 Feudal Age
14:23 Castle Age
12:42 Double-Bit Axe
15:23 Bow Saw
20:08 Horse Collar
21:12 Heavy Plow
22:18 Fishing Lines
23:26 Gold Mining
24:22 Wheelbarrow
27:42 Imperial Age
27:08 Hand Cart
29:17 Scale Mail Armor
29:28 Forging
29:21 Pikeman
30:41 Chain Mail Armor
29:58 Halberdier
31:24 Iron Casting
31:08 Double Crossbow
32:19 Conscription
34:02 Blast Furnace
32:29 Heavy Scorpion
33:32 Siege Engineers
34:28 Chemistry
33:49 Ballistics
34:24 Double Crossbow
Connection lost

Rejoining the realm…

Still unreachable

The connection could not be restored.

Session expired

The server has moved on; the page needs a fresh start.